 Dungeon Crawl Stone Soup version 0.27.1-2-g3b301248ec (webtiles) character file.

Game seed: 4120242122076269777

27091 Descartes the Unseen (level 13, -4/59 HPs)
             Began as a Spriggan Delver on Sept 24, 2021.
             Was an Initiate of Gozag.
             Slain by a white ugly thing (35 damage)
             ... on level 12 of the Dungeon.
             The game lasted 01:03:31 (21004 turns).

Descartes the Unseen (Spriggan Delver)             Turns: 21004, Time: 01:03:31

Health: -4/59      AC: 11    Str: 10    XL:     13   Next: 2%
Magic:  21/21      EV: 26    Int: 13    God:    Gozag
Gold:   1253       SH:  0    Dex: 18    Spells: 6/22 levels left

rFire    . . .     SeeInvis +   o - +4 quick blade
rCold    . . .     Faith    .   (shield restricted)
rNeg     . . .     Spirit   .   M - +0 acid dragon scales
rPois    .         Reflect  .   O - +2 hat
rElec    .         Harm     .   W - +2 cloak
rCorr    +         Rampage  .   (gloves unavailable)
Will     +++..                  (boots unavailable)
Stlth    ++++++....             y - amulet of regeneration
HPRegen  1.19/turn              z - ring of resist corrosion
MPRegen  0.17/turn              I - ring of willpower

@: very quick
A: very small, no large weapons, unfitting armour, see invisible, speed 3,
screaming 1, wild magic 1, MP-powered wands
a: Renounce Religion, Potion Petition, Call Merchant, Bribe Branch


You were on level 12 of the Dungeon.
You worshipped Gozag.
Gozag was most pleased with you.
You visited 3 branches of the dungeon, and saw 16 of its levels.

You collected 2378 gold pieces.
You spent 1077 gold pieces at shops.
You paid 48 gold pieces to Gozag.

Inventory:

Hand Weapons
 a - the +3 short sword "Wamim" {vorpal, rPois rF+ Will- Dex+3}
   (You found it on level 6 of the Dungeon)

   It inflicts extra damage upon your enemies.
   Dex:       It affects your dexterity (+3).
   rF:        It protects you from fire.
   rPois:     It protects you from poison.
   Will:      It decreases your willpower.
 b - a +0 hunting sling
 l - the +10 hand axe of Battle {flame, rC+ rN+ Dex+3}
   (You found it on level 1 of the Lair of Beasts)

   It burns those it strikes, dealing additional fire damage.
   Big, fiery blades are also staple armaments of hydra-hunters.
   Dex:       It affects your dexterity (+3).
   rC:        It protects you from cold.
   rN:        It protects you from negative energy.
 o - a +4 quick blade (weapon)
Missiles
 h - 588 stones (quivered)
 k - 101 arrows
 q - 16 boomerangs
 t - 85 poisoned darts
 E - 67 sling bullets
 L - 5 throwing nets
 S - 8 atropa-tipped darts
Armour
 M - +0 acid dragon scales (worn)
 O - a +2 hat (worn)
 U - a +2 robe of resistance
 W - a +2 cloak (worn)
Jewellery
 y - an amulet of regeneration (around neck)
 z - a ring of resist corrosion (left hand)
 I - a ring of willpower (right hand)
Wands
 g - a wand of digging (3)
 i - a wand of charming (3)
 r - a wand of polymorph (8)
 C - a wand of iceblast (6)
 H - a wand of paralysis (2)
 R - a wand of acid (7)
 X - a wand of mindburst (3)
 Z - a wand of flame (6)
Scrolls
 c - 4 scrolls of fog
 d - 5 scrolls of magic mapping
 e - 4 scrolls of fear
 w - 2 scrolls of vulnerability
 x - 3 scrolls of blinking
 A - 8 scrolls of teleportation
 B - a scroll of holy word
 D - 3 scrolls of torment
 G - 3 scrolls of enchant weapon
 J - 2 scrolls of summoning
 N - 3 scrolls of immolation
 Q - 2 scrolls of amnesia
 T - 2 scrolls of identify
Potions
 f - 4 potions of haste
 j - 2 potions of lignification
 n - 2 potions of berserk rage
 p - 4 potions of curing
 s - 2 potions of magic
 u - 3 potions of cancellation
 v - 3 potions of might
 F - 3 potions of ambrosia
 K - 5 potions of attraction
 V - a potion of flight
 Y - a potion of resistance
Miscellaneous
 m - a phial of floods
 P - a phantom mirror


   Skills:
 - Level 2.4 Fighting
 + Level 7.1 Short Blades
 - Level 5.0 Slings
 + Level 14.3 Dodging
 + Level 17.3 Stealth
 - Level 5.0 Spellcasting
 + Level 3.2 Conjurations
 + Level 8.6 Hexes
 - Level 8.0 Translocations
 + Level 5.5 Poison Magic
 + Level 7.6 Evocations


You had 6 spell levels left.
You knew the following spells:

 Your Spells              Type           Power      Damage    Failure   Level
a - Blink                 Tloc           N/A        N/A       3%          2
b - Olgreb's Toxic Radia  Pois           22%        N/A       38%         4
c - Invisibility          Hex            16%        N/A       85%         6
d - Fulminant Prism       Conj/Hex       12%        3d9       34%         4

Your spell library contained the following spells:

 Spells                   Type           Power      Damage    Failure   Level
 Lesser Beckoning         Tloc           15%        N/A       5%          3
 Magic Dart               Conj           60%        1d6       13%         1
 Searing Ray              Conj           30%        3d4       17%         2
 Foxfire                  Conj/Fire      36%        2x1d5     22%         1
 Inner Flame              Hex/Fire       18%        N/A       22%         3
 Manifold Assault         Tloc           31%        N/A       38%         5
 Passwall                 Tmut/Erth      3%         N/A       50%         2
 Sublimation of Blood     Necr           2%         N/A       50%         2
 Wereblood                Tmut           4%         N/A       50%         2
 Conjure Flame            Conj/Fire      9%         6-21      52%         3
 Swiftness                Air            4%         N/A       73%         3
 Ozocubu's Refrigeration  Ice            2%         4d5       100%        7
 Summon Hydra             Summ           2%         N/A       100%        7
 Ignition                 Fire           2%         3d3       100%        8


Dungeon Overview and Level Annotations

Branches:
Dungeon (12/15)            Temple (1/1) D:6            Lair (3/6) D:10
  Swamp (0/4) Lair:2          Orc (0/2) D:11
  Snake: Lair:2-4    Spider: Lair:2-4

Altars:
Ashenzari
Cheibriados
Dithmenos
Elyvilon
Fedhas
Gozag
Hepliaklqana
Kikubaaqudgha
Makhleb
Nemelex Xobeh
Okawaru
Qazlal
Ru
Sif Muna
Trog
Uskayaw
Vehumet
Wu Jian
Xom
Yredelemnul
Zin
The Shining One

Shops:
D:10 [

Annotations:
D:6 2 runed translucent doors


Innate Abilities, Weirdness & Mutations

You are very small and have problems with some larger weapons.
You are too small for most types of armour.
You have supernaturally acute eyesight. (SInv)
You cover ground extremely quickly. (Speed+++)
You occasionally shout uncontrollably at your foes.
Your spells are a little harder to cast, but a little more powerful.
You expend magic power (3 MP) to strengthen your wands.


Message History

There is a stone staircase leading down here.
You climb downwards.
There is a stone staircase leading up here.
You strike the helpless white ugly thing from behind!
You impale the white ugly thing!!
The white ugly thing is heavily wounded.
You hit the white ugly thing.
The white ugly thing is heavily wounded.
You closely miss the white ugly thing.
The white ugly thing is heavily wounded.
The white ugly thing pecks you but does no damage.
You hit the white ugly thing but do no damage.
The white ugly thing is heavily wounded.
You hit the white ugly thing.
The white ugly thing is heavily wounded.
The white ugly thing pecks you but does no damage.
You hit the white ugly thing.
The white ugly thing is severely wounded.
You hit the white ugly thing.
The white ugly thing is severely wounded.
You hit the white ugly thing.
The white ugly thing is severely wounded.
The white ugly thing completely misses you.
You hit the white ugly thing but do no damage.
The white ugly thing is severely wounded.
You puncture the white ugly thing!
The white ugly thing is severely wounded.
You hit the white ugly thing.
The white ugly thing is almost dead.
The white ugly thing pecks you. The white ugly thing freezes you!!
You hit the white ugly thing.
The white ugly thing is almost dead.
You barely miss the white ugly thing.
The white ugly thing is almost dead.
You hit the white ugly thing.
The white ugly thing is almost dead.
The white ugly thing pecks you. The white ugly thing freezes you!!
Ouch! That really hurt!
You die...
Your body crumbles into a pile of gold.

#.........#
#.........#
#.........#
#.........#
#.........#
#.........#
#......##.#
###########.######
#.....u@...........
#..................
#..................
#..................
####+####'#########
.........$........
....#####.<$......
. #.....###.
.......#


You could see a white ugly thing.

Vanquished Creatures
  Gastronok (D:8)
  Harold (D:10)
  A hydra (Lair:1)
  Erica (D:7)
  2 two-headed ogres
  A catoblepas (Lair:1)
  2 skeletal warriors (D:11)
  A bog body (Lair:1)
  Pikel (D:8)
  Maurice (D:8)
  A gargoyle (D:9)
  2 black mambas
  An unseen horror (D:6)
  Maggie (D:9)
  Psyche (D:8)
  3 cane toads
  6 komodo dragons
  A kobold demonologist (D:6)
  A rime drake (Lair:3)
  A troll (D:6)
  2 polar bears
  A dream sheep (D:10)
  4 slime creatures
  13 blink frogs
  A meliai zombie (D:10)
  7 wyverns
  A wraith (D:6)
  2 steam dragons (D:7)
  15 yaks
  3 hogs (D:10)
  2 basilisks
  2 vampire mosquitoes (D:11)
  2 acid dragons
  6 water moccasins
  Duvessa (D:7)
  A swamp drake (D:11)
  6 black bears
  5 orc warriors
  A necrophage (D:8)
  3 ice beasts
  5 ogres
  4 centaurs
  A wolf (D:10)
  A lemure (D:8)
  2 phantoms
  5 bullfrogs
  2 scorpions (D:5)
  Dowan (D:7)
  4 killer bees (D:10)
  4 wights
  A howler monkey (D:11)
  4 electric eels (D:10)
  4 crimson imps (D:11)
  4 centaur zombies
  3 orc priests
  A gnoll shaman (D:7)
  4 hounds
  An iguana (D:5)
  8 orc wizards
  A killer bee zombie (D:9)
  2 hound skeletons
  3 gnolls (D:7)
  A howler monkey zombie (D:8)
  7 adders
  A white imp (D:6)
  An ufetubus (D:5)
  4 worms
  5 dart slugs
  40 orcs
  9 endoplasms
  2 giant cockroaches (D:1)
  4 goblins
  6 hobgoblins
  A jackal (D:2)
  7 quokkas
  2 ball pythons (D:2)
  5 bats
  10 frilled lizards
  7 kobolds
  7 rats
292 creatures vanquished.

Vanquished Creatures (collateral kills)
  2 butterflies (D:6)
2 creatures vanquished.

Vanquished Creatures (others)
  A polar bear (Lair:1)
  A yak (D:6)
  A wolf (D:10)
  An orc wizard (D:8)
  7 fungi
  35 plants
46 creatures vanquished.

Grand Total: 340 creatures vanquished

Notes
Turn   | Place    | Note
-------+----------+-------------------------------------------
     0 | D:5      | Descartes the Spriggan Delver began the quest for the Orb.
     0 | D:5      | Reached XP level 1. HP: 11/11 MP: 2/2
    12 | D:5      | Noticed a hound
    15 | D:5      | Killed a hound
    16 | D:5      | Reached XP level 2. HP: 16/16 MP: 3/3
   251 | D:4      | Reached XP level 3. HP: 14/19 MP: 4/4
   713 | D:4      | Noticed a phantom
   719 | D:4      | Killed a phantom
   720 | D:4      | Reached skill level 8 in Stealth
   720 | D:4      | Reached skill level 1 in Evocations
   720 | D:4      | Reached XP level 4. HP: 23/23 MP: 5/5
   729 | D:4      | Noticed an ogre
   736 | D:4      | Killed an ogre
   737 | D:4      | Reached XP level 5. HP: 27/27 MP: 6/6
   820 | D:4      | Found Yleorr's Magic Scroll Emporium.
  1464 | D:4      | Reached XP level 6. HP: 11/32 MP: 7/7
  2090 | D:3      | Found a broken altar of Ashenzari.
  2095 | D:3      | Saw a vision of the Swamp and the Snake Pit.
  2095 | D:3      | Noticed a naga warrior
  2095 | D:3      | Noticed a naga sharpshooter
  2095 | D:3      | Noticed a salamander
  2095 | D:3      | Noticed a naga
  2095 | D:3      | Noticed a mana viper
  2095 | D:3      | Noticed a naga
  2095 | D:3      | Noticed a naga warrior
  2095 | D:3      | Noticed a vampire mosquito
  2095 | D:3      | Noticed a vampire mosquito
  2095 | D:3      | Noticed a swamp drake
  2095 | D:3      | Noticed an alligator
  2095 | D:3      | Noticed a vampire mosquito
  2095 | D:3      | Noticed a vampire mosquito
  2095 | D:3      | Noticed a goliath frog
  2097 | D:3      | Noticed a will-o-the-wisp
  2101 | D:3      | Noticed a naga mage
  2169 | D:3      | Reached skill level 5 in Dodging
  2942 | D:3      | Learned a level 2 spell: Blink
  3918 | D:2      | Reached skill level 1 in Hexes
  4101 | D:2      | Reached skill level 9 in Stealth
  4191 | D:2      | Found a sparkling altar of Nemelex Xobeh.
  4763 | D:1      | Found a faded altar of an unknown god.
  4801 | D:1      | Reached skill level 1 in Spellcasting
  5536 | D:5      | Reached skill level 1 in Translocations
  5778 | D:5      | Reached XP level 7. HP: 35/35 MP: 8/10
  5910 | D:5      | Reached skill level 1 in Slings
  6303 | D:6      | Noticed a yak
  6303 | D:6      | Noticed a yak
  6303 | D:6      | Found a staircase to the Ecumenical Temple.
  6304 | D:6      | Noticed a yak
  6462 | D:6      | Found a large runed translucent door.
  6462 | D:6      | Found a large runed translucent door.
  6464 | D:6      | Noticed a two-headed ogre
  6464 | D:6      | Noticed an unseen horror
  6693 | D:4      | Killed a two-headed ogre
  6694 | D:4      | Reached skill level 5 in Short Blades
  6694 | D:4      | Reached skill level 5 in Evocations
  6694 | D:4      | Reached XP level 8. HP: 39/39 MP: 11/14
  6894 | D:6      | Found a large runed translucent door.
  6894 | D:6      | Found a large runed translucent door.
  6981 | D:6      | Reached skill level 10 in Stealth
  6984 | D:6      | Noticed a troll
  6986 | D:6      | Killed a troll
  7170 | D:5      | Reached skill level 5 in Translocations
  7170 | D:5      | Reached XP level 9. HP: 41/43 MP: 15/17
  7260 | Temple   | Entered the Ecumenical Temple
  7452 | Temple   | Became a worshipper of Gozag Ym Sagoz the Greedy
  7666 | D:6      | Identified the +3 short sword "Wamim" {vorpal, rPois rF+
                  | Will- Dex+3}
  7937 | D:6      | Reached skill level 5 in Spellcasting
  8045 | D:6      | Identified the +7 whip of Forced Transition {vamp, rPois
                  | Int+3}
  8144 | D:6      | Noticed a kobold demonologist
  8147 | D:6      | Killed a kobold demonologist
  8148 | D:6      | Reached skill level 5 in Slings
  8148 | D:6      | Reached skill level 11 in Stealth
  8177 | D:6      | Found a large runed translucent door.
  8177 | D:6      | Found a large runed translucent door.
  8301 | D:6      | Found a staircase to the Ecumenical Temple.
  8455 | D:6      | Reached skill level 5 in Hexes
  8770 | D:6      | Killed an unseen horror
  8771 | D:6      | Reached skill level 12 in Stealth
  9336 | D:4      | Bought a scroll of identify for 26 gold pieces
  9336 | D:4      | Bought a scroll of teleportation for 39 gold pieces
  9336 | D:4      | Bought a scroll of immolation for 45 gold pieces
  9336 | D:4      | Bought a scroll of amnesia for 45 gold pieces
  9336 | D:4      | Bought a scroll of fog for 26 gold pieces
  9336 | D:4      | Bought a scroll of holy word for 97 gold pieces
  9336 | D:4      | Bought a scroll of identify for 26 gold pieces
  9346 | D:4      | Gained mutation: Your spells are a little harder to cast,
                  | but a little more powerful. [potion of mutation]
  9346 | D:4      | Gained mutation: You sometimes lose the ability to read
                  | scrolls when taking damage. [potion of mutation]
  9346 | D:4      | Gained mutation: You are partially covered in iridescent
                  | scales. (AC +2) [potion of mutation]
  9347 | D:4      | Lost mutation: You sometimes lose the ability to read
                  | scrolls when taking damage. [potion of mutation]
  9347 | D:4      | Lost mutation: You are partially covered in iridescent
                  | scales. (AC +2) [potion of mutation]
  9347 | D:4      | Gained mutation: You expend magic power (3 MP) to
                  | strengthen your wands. [potion of mutation]
  9347 | D:4      | Gained mutation: You occasionally shout uncontrollably at
                  | your foes. [potion of mutation]
  9632 | D:7      | Noticed Duvessa
  9645 | D:7      | Reached XP level 10. HP: 47/47 MP: 14/18
  9650 | D:7      | Noticed Dowan
  9666 | D:7      | Killed Duvessa
  9672 | D:7      | Killed Dowan
  9673 | D:7      | Reached skill level 10 in Dodging
  9825 | D:7      | Reached skill level 13 in Stealth
 10153 | D:8      | Noticed Erica
 10229 | D:7      | HP: 1/47 [rock wall collision (12)]
 10232 | D:7      | Killed Erica
 10329 | D:8      | Noticed Psyche
 10352 | D:8      | Killed Psyche
 10511 | D:8      | Reached skill level 14 in Stealth
 10557 | D:8      | Noticed Maurice
 10668 | D:8      | Noticed Gastronok
 10687 | D:8      | Killed Gastronok
 10688 | D:8      | Reached skill level 15 in Stealth
 10828 | D:8      | Noticed Pikel
 10852 | D:8      | Killed Pikel
 11100 | D:8      | Killed Maurice
 11720 | D:9      | Reached XP level 11. HP: 51/51 MP: 19/19
 11874 | D:9      | Learned a level 4 spell: Olgreb's Toxic Radiance
 11881 | D:9      | Learned a level 6 spell: Invisibility
 12120 | D:9      | Noticed Maggie
 12154 | D:9      | Killed Maggie
 12155 | D:9      | Reached skill level 1 in Poison Magic
 12417 | D:10     | Entered Level 10 of the Dungeon
 12463 | D:10     | HP: 2/51 [electric eel/bolt of electricity (10)]
 12607 | D:10     | Found a staircase to the Lair.
 13521 | D:10     | Found Gazxec Ziaq's Armour Shoppe.
 13772 | D:10     | Found a huge runed translucent gate.
 13799 | D:10     | Found a huge runed translucent gate.
 13908 | D:10     | Found a huge runed translucent gate.
 13908 | D:10     | Found a hazy altar of Hepliaklqana.
 13908 | D:10     | Found a huge runed translucent gate.
 13917 | D:10     | Noticed Harold
 14141 | D:10     | Killed Harold
 14142 | D:10     | Reached skill level 16 in Stealth
 14388 | D:10     | Found an iron altar of Okawaru.
 14447 | D:10     | Found a basalt altar of Yredelemnul.
 14447 | D:10     | Found a sparkling altar of Nemelex Xobeh.
 14730 | D:11     | Noticed a skeletal warrior
 14859 | D:11     | Noticed a two-headed ogre
 14873 | D:11     | Killed a two-headed ogre
 14899 | D:11     | Learned a level 4 spell: Fulminant Prism
 15101 | D:11     | Found a staircase to the Orcish Mines.
 15578 | D:11     | Found a shimmering altar of Xom.
 15635 | D:11     | Noticed a skeletal warrior
 15635 | D:11     | Noticed a skeletal warrior
 15685 | D:11     | Killed a skeletal warrior
 15686 | D:11     | Reached skill level 1 in Conjurations
 15697 | D:11     | Killed a skeletal warrior
 15858 | D:12     | Noticed a white ugly thing
 15978 | Lair:1   | Entered Level 1 of the Lair of Beasts
 16272 | Lair:1   | Identified the +10 hand axe of Battle {flame, rC+ rN+
                  | Dex+3}
 16522 | Lair:1   | Reached XP level 12. HP: 34/56 MP: 20/20
 16742 | Lair:1   | Noticed a seven-headed hydra
 16829 | Lair:1   | Killed a one-headed hydra
 16921 | Lair:1   | Noticed a catoblepas
 16924 | Lair:1   | Killed a catoblepas
 18393 | Lair:2   | Found a staircase to the Swamp.
 18704 | Lair:1   | Reached skill level 17 in Stealth
 19064 | Lair:2   | Reached skill level 5 in Poison Magic
 19798 | Lair:3   | Found a radiant altar of Vehumet.
 20127 | D:4      | Bought a scroll of enchant weapon for 97 gold pieces
 20127 | D:4      | Bought a scroll of acquirement for 676 gold pieces
 20129 | D:4      | Acquired a +4 quick blade
 20724 | D:10     | Reached XP level 13. HP: 47/59 MP: 21/21
 21004 | D:12     | Slain by a white ugly thing

Illustrated notes

Levels and vault maps discovered:
D:1:      nzn_arrival_depleted_hourglass, layout_basic,
          shapermc_ecumenical_altar_gd, serial_rivers,
          chequers_serial_rivers_large_b, chequers_serial_rivers_micro_e,
          chequers_serial_rivers_micro_a, chequers_serial_rivers_small_a
D:2:      minmay_razor_zed, layout_basic, basic_altar,
          minmay_randomly_rotated_circles
D:3:      layout_loops_corners, grunt_ashenzari_visionary
          [grunt_ashenzari_visionary_swamp, grunt_ashenzari_visionary_snake]
D:4:      layout_basic, serial_shops, kennysheep_little_box,
          serial_corexii_hall, chequers_hall_statues_wall_a,
          chequers_hall_statues_corner_a, kennysheep_cross_bottleneck,
          minmay_splitting_lines
D:5:      layout_basic
D:6:      layout_gridville, minmay_temple_entry_butterflies,
          minmay_hollow_rounded_squares
D:7:      layout_loops_ring, minmay_misc_feat_diagonals, uniq_duvessa
D:8:      layout_basic, uniq_maurice, uniq_pikel, uniq_erica, uniq_gastronok,
          uniq_psyche
D:9:      layout_basic, minivault_21, eino_tiny_chamber, uniq_maggie
D:10:     lemuel_bear_cage, layout_basic, grunt_temple_overflow_open,
          lair_entry_dummy, serial_shops, nicolae_shop_crystal,
          amcnicky_mini_pool_small, serial_park_tiny_1, minmay_orc_keep,
          uniq_harold
D:11:     layout_loops_ring, erik_orc_1, led_xom_imps
D:12:     layout_stronghold
Temple:   minmay_crystal_spiral_temple
Lair:1:   wad_woods_structure_01, layout_cave_pods, infiniplex_staircase_pool_2,
          serial_bayou_shore_b
Lair:2:   layout_loops_ring, skrybe_swamp_entry_bodies, grunt_megastairs_4,
          lemuel_fruit_tree
Lair:3:   layout_gridlike, basic_altar, grunt_megastairs_5

Skill      XL: |  1  2  3  4  5  6  7  8  9 10 11 12 |
---------------+-------------------------------------+-----
Dodging        | 3 4 5 6 9 12 13 14 | 14.3
Short Blades   | 3 4 5 7 |  7.1
Stealth        | 8 9 10 12 15 16 17 | 17.3
Evocations     | 1 2 3 5 7 |  7.6
Hexes          | 1 3 4 5 7 8 |  8.6
Spellcasting   | 1 3 4 5 |  5.0
Translocations | 1 3 5 6 8 |  8.0
Slings         | 3 4 5 |  5.0
Poison Magic   | 4 5 |  5.5
Conjurations   | 1 3 |  3.2
Fighting       | |  2.4

Action                   |  1- 3 |  4- 6 |  7- 9 | 10-12 | 13-15 || total
-------------------------+-------+-------+-------+-------+-------++-------
Melee: Short sword       |    22 |   343 |   289 |  1382 |       ||  2036
       Unarmed           |       |       |       |    11 |       ||    11
       Quick blade       |       |       |       |   258 |    53 ||   311
       Hand axe          |       |       |       |    10 |       ||    10
 Fire: Hunting sling     |       |    10 |    69 |   172 |       ||   251
 Cast: Blink             |       |       |       |     9 |       ||     9
Evoke: Wand              |     6 |       |    12 |    22 |       ||    40
       Phial of floods   |       |       |       |     1 |       ||     1
  Use: Scroll            |       |       |     9 |    13 |       ||    22
       Potion            |       |       |     2 |     2 |       ||     4
 Stab: Sleeping          |     2 |    33 |     7 |    32 |       ||    74
       Distracted        |       |     2 |     1 |    14 |     1 ||    18
       Confused          |       |       |       |     1 |       ||     1
Armor: Robe              |       |    17 |     2 |    18 |       ||    37
       Acid dragon scale |       |       |    20 |   114 |     2 ||   136
Dodge: Dodged            |    25 |   230 |   254 |  1337 |     9 ||  1855
